 Dungeon Crawl Stone Soup version 0.30-a0-234-g97d66968fd (webtiles) character file.

Game seed: 10117474417738033631

121335 ifgb the Unseen (level 16, 0/91 HPs)
             Began as a Spriggan Enchanter on Oct 10, 2022.
             Was the Champion of Dithmenos.
             Slain by Donald
             ... wielding a +4 vorpal double sword
              (7 damage)
             ... on level 2 of the Orcish Mines.
             The game lasted 01:10:06 (23561 turns).

ifgb the Unseen (Spriggan Enchanter)               Turns: 23561, Time: 01:10:11

Health: 0/91       AC:  8    Str: 10    XL:     16   Next: 32%
Magic:  20/36      EV: 30    Int: 16    God:    Dithmenos [******]
Gold:   2627       SH:  0    Dex: 22    Spells: 25/45 levels left

rFire   + . .      SeeInvis +    h - +4 dagger (venom)
rCold   . . .      Faith    .    (no shield)
rNeg    . . .      Spirit   .    v - +1 steam dragon scales
rPois   .          Reflect  .    (helmet restricted)
rElec   +          Harm     .    (no cloak)
rCorr   .          Rampage  .    (gloves unavailable)
Will    +++..                    (boots unavailable) Stlth ***+++++++
                                 z - amulet of regeneration
HPRegen 1.15/turn                r - +6 ring of dexterity
MPRegen 0.25/turn                D - ring "Mumadara" {rElec rF+ Will+}

@: wreathed by umbra, very quick
A: very small, no large weapons, unfitting armour, see invisible, speed 3,
iridescent scales 1, clumsy 1, robust 1
a: Renounce Religion, Shadow Step, Shadow Form


You were on level 2 of the Orcish Mines.
You worshipped Dithmenos.
Dithmenos was exalted by your worship.
You visited 4 branches of the dungeon, and saw 22 of its levels.

You collected 3716 gold pieces.
You spent 1089 gold pieces at shops.

Inventory:

Hand Weapons
 a - a +1 vorpal dagger
 h - a +4 dagger of venom (weapon)
 k - a +1 dagger of draining
 o - a +0 rapier of electrocution
 C - a +3 dagger of chaos
Missiles
 Q - a throwing net (quivered)
Armour
 v - +1 steam dragon scales (worn)
 A - a +0 hat
Jewellery
 r - a +6 ring of dexterity (left hand)
 s - a ring of flight
 t - a +6 ring of strength
 y - a ring of poison resistance
 z - an amulet of regeneration (around neck)
 D - the ring "Mumadara" (right hand) {rElec rF+ Will+}
   (You bought it in a shop on level 10 of the Dungeon)

   [ring of willpower]

   rF:        It protects you from fire.
   rElec:     It insulates you from electricity.
   Will:      It increases your willpower.
 G - a ring of fire
 H - a ring of willpower
 I - a ring of magical power
 S - a ring of ice
Wands
 g - a wand of roots (6)
 u - a wand of polymorph (11)
 w - a wand of mindburst (15)
 L - a wand of charming (6)
Scrolls
 b - 2 scrolls of brand weapon
 c - 4 scrolls of amnesia
 d - 7 scrolls of teleportation
 m - a scroll of magic mapping
 q - 4 scrolls of fog
 B - a scroll of vulnerability
 F - a scroll of fear
 J - a scroll of blinking
 K - 4 scrolls of identify
 P - a scroll of summoning
Potions
 e - a potion of brilliance
 f - 10 potions of might
 i - 10 potions of curing
 j - 2 potions of cancellation
 l - 3 potions of heal wounds
 p - 4 potions of flight
 x - 6 potions of lignification
 E - 12 potions of ambrosia
 O - a potion of berserk rage
Miscellaneous
 n - a phial of floods
 M - a phantom mirror
 N - a tin of tremorstones (2/2)


   Skills:
 + Level 8.9 Fighting
 + Level 11.7 Short Blades
 + Level 13.8 Dodging
 + Level 18.8 Stealth
 + Level 15.1 Spellcasting
 + Level 16.5 Hexes


You had 25 spell levels left.
You knew the following spells:

 Your Spells              Type           Power      Damage    Failure   Level
a - Ensorcelled Hibernat  Hex/Ice        76%        N/A       1%          2
b - Tukima's Dance        Hex            60%        N/A       1%          3
c - Dazzling Flash        Conj/Hex       76%        N/A       1%          3
d - Confusing Touch       Hex            60%        N/A       1%          3
e - Cause Fear            Hex            30%        N/A       1%          4
f - Blink                 Tloc           24%        N/A       9%          2
g - Stone Arrow           Conj/Erth      24%        3d8       16%         3

Your spell library contained the following spells:

 Spells                   Type           Power      Damage    Failure   Level
 Inner Flame              Hex/Fire       38%        N/A       1%          3
 Foxfire                  Conj/Fire      48%        2x1d6     5%          1
 Momentum Strike          Conj/Tloc      24%        3d8       9%          2
 Passwall                 Tmut/Erth      10%        N/A       9%          2
 Ignite Poison            Fire/Tmut/Pois 12%        N/A       16%         3
 Lesser Beckoning         Tloc           24%        N/A       16%         3
 Swiftness                Air            12%        N/A       16%         3
 Vhi's Electric Charge    Tloc/Air       24%        N/A       16%         3
 Animate Armour           Summ/Erth      24%        N/A       47%         4
 Flame Wave               Conj/Fire      12%        2d6       47%         4
 Manifold Assault         Tloc           12%        N/A       47%         4
 Sticky Flame             Conj/Fire      12%        2d4       47%         4
 Arcjolt                  Conj/Air       6%         1d16      83%         5
 Fireball                 Conj/Fire      6%         3d5       83%         5
 Dispersal                Tloc           6%         N/A       100%        6
 Starburst                Conj/Fire      6%         6d4       100%        6
 Dragon Form              Tmut           6%         N/A       100%        7
 Disjunction              Tloc           6%         N/A       100%        8
 Ignition                 Fire           6%         3d4       100%        8
 Lehudib's Crystal Spear  Conj/Erth      6%         10d3      100%        8
 Maxwell's Capacitive Co  Air            6%         ∞         100%        8
 Dragon's Call            Summ           6%         N/A       100%        9


Dungeon Overview and Level Annotations

Branches:
Dungeon (14/15)            Temple (1/1) D:5            Lair (5/5) D:11
  Swamp (0/4) Lair:2       Spider (0/4) Lair:2        Slime (0/5) Lair:5
    Orc (2/2) D:9          Vaults (0/5) D:14
    Elf: Orc:2

Altars:
Ashenzari
Cheibriados
Dithmenos
Elyvilon
Fedhas
Gozag
Hepliaklqana
Kikubaaqudgha
Makhleb
Nemelex Xobeh
Okawaru
Qazlal
Ru
Sif Muna
Trog
Uskayaw
Vehumet
Wu Jian
Xom
Yredelemnul
Zin
The Shining One

Shops:
D:1 [   D:10 ***!

Portals:
Trove: D:14 (give horn of Geryon)

Annotations:
D:4 1 runed translucent door, jehirs's ghost, novice MfSu
Lair:2 2 transporters
Lair:4 3 runed translucent doors, lurch's ghost, journeyman HORe
Orc:1 3 runed translucent doors, Geqar's ghost, journeyman KoBr; Qaeddaicw's ghost, journeyman FoHu; Yfeff's ghost, journeyman GrFE; Zyisium's ghost, adept GrBe
Orc:2 Azrael; Donald


Innate Abilities, Weirdness & Mutations

You are very small and have problems with some larger weapons.
You are too small for most types of armour.
You have supernaturally acute eyesight. (SInv)
You cover ground extremely quickly. (Speed+++)
You are partially covered in iridescent scales. (AC +2)
You are clumsy. (Dex -2)
You are robust. (+10% HP)


Message History

The orc is severely wounded.
Your shadow closely misses the orc.
You kill the orc!
Dithmenos accepts your kill.
Donald gestures wildly while chanting.
Donald seems to grow stronger.
The orc completely misses you. The orc warrior completely misses you.
You hit the orc but do no damage.
The orc is poisoned.
Donald blocks your attack. Donald blocks your shadow's attack.
The orc completely misses you.
Donald says, "I prefer the Lair of the Beasts, to be honest.
At least animals don't complain."
Donald completely misses you.
Unknown command.
Unknown command.
Unknown command.
Casting: Dazzling Flash (safe; 1% risk of failure)
Confirm with . or Enter, or press ? or * to list all spells.
Casting: Dazzling Flash (safe; 1% risk of failure)
Press: ? - help, Dir - look around, f - activate Donald hits you with a +4 vorpal double sword!!!
You emit a cloud of dark smoke.
The orc misses you.
The orc warrior hits you with a +0 halberd.
You hear a shout! x5
Unknown command.
Unknown command.
Casting: Dazzling Flash (safe; 1% risk of failure)
Confirm with . or Enter, or press ? or * to list all spells.
Casting: Dazzling Flash (safe; 1% risk of failure)
Press: ? - help, Dir - look around, f - activate The orc is dazzled.
Donald completely misses you. The orc completely misses you.
Casting: Dazzling Flash (safe; 1% risk of failure)
Confirm with . or Enter, or press ? or * to list all spells.
Casting: Dazzling Flash (safe; 1% risk of failure)
Press: ? - help, Dir - look around, f - activate The orc warrior is dazzled.
Donald misses you. The orc completely misses you.
The orc warrior completely misses you.
Donald hits you with a +4 vorpal double sword!!!
* * * LOW HITPOINT WARNING * * *
You die...

........................
................[.......
........................
........................
......§§................
.....§o§§...............
.....§§o§......)........
.....§@o§...............
.....§§@#...............
.......................#
.$........#..........##.
....###...#.....###.## #
...# #...##...### ###
... ....####.... ..
.....# #.#... ....##
.......


You could see Donald (fast, strong, reflecting), an orc warrior (blind) and an
orc (blind, very poisoned).

Vanquished Creatures
  Jorgrun (Orc:1)
  Rupert (D:13)
  Gastronok (D:12)
  The ghost of Zarkath the Destroyer, a journeyman DrFE of Vehumet (D:13)
  Nessos (D:13)
  A fire dragon (Lair:5)
  3 vault guards (D:14)
  10 hydras
  An ice dragon (D:12)
  2 centaur warriors
  A two-headed ogre (D:11)
  4 boulder beetles
  Erica (D:10)
  An orc high priest (Orc:2)
  A tengu warrior (D:13)
  4 death yaks (Lair:4)
  Nergalle (D:11)
  A deep elf knight (D:12)
  Amaemon (D:11)
  A deep elf archer (D:12)
  2 lindwurms (Lair:5)
  2 wizards (D:14)
  4 deep elf pyromancers
  2 necromancers (D:14)
  3 wolf spiders
  A manticore (D:13)
  15 ugly things
  4 cyclopes
  11 black mambas
  8 elephants
  A guardian serpent (Lair:5)
  An orange demon (D:11)
  16 cane toads
  5 torpor snails (Lair:5)
  A gargoyle (D:13)
  A rime drake (Lair:4)
  8 komodo dragons
  An unseen horror (D:10)
  A yaktaur (D:14)
  3 tengu conjurers (D:13)
  3 meliai (D:13)
  4 trolls
  A queen bee (Lair:1)
  3 slime creatures (D:13)
  9 hornets (Lair:5)
  3 tyrant leeches (Lair:5)
  A polar bear (Lair:4)
  11 blink frogs
  10 dream sheep
  2 culicivoras (Lair:2)
  2 shadows (D:11)
  2 vampires
  3 wraiths
  20 yaks
  19 wyverns
  4 basilisks
  17 humans (D:14)
  4 redbacks
  3 steam dragons
  2 vampire mosquitoes (D:13)
  2 wargs
  28 water moccasins
  12 orc warriors
  An ice beast (shapeshifter) (D:13)
  3 black bears
  An ice beast (D:5)
  3 sky beasts
  6 centaurs
  3 ogres
  A phantom (D:5)
  2 kobold brigands
  A gnoll sergeant (D:12)
  16 bullfrogs
  3 necrophages
  3 scorpions
  8 wights
  33 killer bees
  2 electric eels (Lair:2)
  4 crimson imps (D:4)
  A bullfrog zombie (D:4)
  A centaur zombie (D:4)
  3 howler monkeys (D:8)
  9 orc priests
  2 hounds
  3 jellies
  A gnoll bouda (Orc:1)
  A human zombie (D:4)
  2 iguanas
  20 orc wizards
  A scorpion zombie (D:4)
  2 hound zombies (D:4)
  A mummy (D:4)
  12 gnolls
  4 adders
  A shadow imp (D:8)
  3 adder zombies (D:4)
  A worm (D:5)
  2 dart slugs
  61 orcs
  6 ball pythons
  11 endoplasms
  2 giant cockroaches (D:1)
  5 hobgoblins
  3 jackals (D:1)
  20 kobolds
  2 quokkas (D:1)
  4 bats (D:1)
  2 frilled lizards
  10 goblins
  8 rats
  A spectral orc (D:6)
588 creatures vanquished.

Vanquished Creatures (collateral kills)
  Psyche (D:9)
  An orc warrior (D:7)
  A gnoll sergeant (D:7)
  7 wights
  An orc priest (D:10)
  An orc wizard (D:7)
  An adder (D:6)
  10 gnolls
  A white imp (D:8)
  8 orcs
  A goblin (D:4)
  2 kobolds (D:9)
35 creatures vanquished.

Vanquished Creatures (others)
  8 dancing weapons
  An orc wizard (D:7)
  47 bushes (Lair:5)
  24 fungi
  71 plants
151 creatures vanquished.

Grand Total: 774 creatures vanquished

Notes
Turn   | Place    | Note
-------+----------+-------------------------------------------
     0 | D:1      | ifgb the Spriggan Enchanter began the quest for the Orb.
     0 | D:1      | Reached XP level 1. HP: 9/9 MP: 5/5
   107 | D:1      | Found Husatot's Armour Shoppe.
   232 | D:1      | Reached XP level 2. HP: 13/13 MP: 7/7
   241 | D:1      | Learned a level 2 spell: Ensorcelled Hibernation
   875 | D:1      | Reached XP level 3. HP: 13/16 MP: 9/9
  1246 | D:2      | Learned a level 3 spell: Tukima's Dance
  1250 | D:2      | Learned a level 3 spell: Confusing Touch
  2284 | D:3      | Found an opulent altar of Gozag.
  2358 | D:3      | Reached skill level 5 in Hexes
  2358 | D:3      | Reached XP level 4. HP: 21/21 MP: 11/11
  2903 | D:3      | Reached XP level 5. HP: 24/24 MP: 13/13
  2932 | D:3      | Found a sparkling altar of Nemelex Xobeh.
  3251 | D:4      | Found a snail-covered altar of Cheibriados.
  3265 | D:3      | Reached skill level 5 in Spellcasting
  3363 | D:4      | Noticed an ogre
  3373 | D:4      | Found a blossoming altar of Fedhas.
  3401 | D:4      | Killed an ogre
  3402 | D:4      | Reached skill level 5 in Stealth
  3432 | D:4      | Found a runed translucent door.
  3517 | D:4      | Reached XP level 6. HP: 28/28 MP: 11/15
  3554 | D:4      | Learned a level 3 spell: Dazzling Flash
  3563 | D:4      | Noticed jehirs's ghost (novice MfSu)
  3831 | D:4      | Reached skill level 6 in Stealth
  3915 | D:4      | Found a shimmering altar of Xom.
  4082 | D:4      | Reached XP level 7. HP: 29/32 MP: 14/17
  4620 | D:4      | Reached skill level 7 in Stealth
  4760 | D:4      | Found an ancient bone altar of Kikubaaqudgha.
  4889 | D:4      | Reached skill level 8 in Stealth
  4971 | D:4      | Reached XP level 8. HP: 36/36 MP: 20/20
  5168 | D:5      | Entered Level 5 of the Dungeon
  5218 | D:5      | Found a staircase to the Ecumenical Temple.
  5224 | Temple   | Entered the Ecumenical Temple
  5573 | D:5      | Reached skill level 9 in Stealth
  5983 | D:5      | Found a white marble altar of Elyvilon.
  6339 | D:6      | Identified a scroll of acquirement
  6339 | D:6      | Acquired 804 gold pieces
  6351 | D:6      | Found a basalt altar of Yredelemnul.
  6370 | D:6      | Reached skill level 10 in Stealth
  6890 | D:6      | Reached XP level 9. HP: 35/39 MP: 13/22
  6965 | D:6      | Found an iron altar of Okawaru.
  6979 | D:6      | You fall into a shaft and drop 1 floor!
  7221 | D:7      | Reached skill level 1 in Fighting
  7254 | D:7      | Reached skill level 11 in Stealth
  8513 | D:7      | Found a glowing silver altar of Zin.
  8710 | D:8      | Reached skill level 10 in Hexes
  8778 | D:8      | Reached skill level 5 in Dodging
  9074 | D:8      | Reached XP level 10. HP: 18/47 MP: 19/24
  9500 | D:9      | Reached skill level 12 in Stealth
  9625 | D:9      | Found a staircase to the Orcish Mines.
  9626 | D:9      | Found a shadowy altar of Dithmenos.
  9727 | D:9      | Reached skill level 10 in Spellcasting
  9922 | D:9      | Became a worshipper of Dithmenos the Shadowed
 10176 | D:9      | Noticed Psyche
 10190 | D:9      | Killed Psyche
 10285 | D:10     | Entered Level 10 of the Dungeon
 10341 | D:10     | Found Asecutug's General Store.
 10349 | D:10     | Bought a scroll of identify for 30 gold pieces
 10349 | D:10     | Bought a potion of might for 60 gold pieces
 10349 | D:10     | Bought a potion of ambrosia for 120 gold pieces
 10405 | D:10     | Found Horodale's Distillery.
 10411 | D:10     | Bought a potion of might for 56 gold pieces
 10411 | D:10     | Bought a potion of curing for 42 gold pieces
 10411 | D:10     | Bought a potion of curing for 42 gold pieces
 10411 | D:10     | Bought a potion of curing for 42 gold pieces
 10411 | D:10     | Bought a potion of might for 56 gold pieces
 10435 | D:10     | Found Qoxzity's Assorted Antiques.
 10443 | D:10     | Bought a scroll of enchant weapon for 202 gold pieces
 10443 | D:10     | Bought a scroll of identify for 54 gold pieces
 10511 | D:10     | Found Mout Mij's Assorted Antiques.
 10517 | D:10     | Bought a faintly glowing jade ring for 175 gold pieces
 10517 | D:10     | Identified the ring "Mumadara" {rElec rF+ Will+} (You
                  | bought it in a shop on level 10 of the Dungeon)
 10517 | D:10     | Bought a scroll of fear for 140 gold pieces
 10517 | D:10     | Bought a scroll of identify for 70 gold pieces
 10520 | D:10     | Gained mutation: You have hidden genetic defects. [potion
                  | of mutation]
 10520 | D:10     | Gained mutation: You are partially covered in iridescent
                  | scales. (AC +2) [potion of mutation]
 10520 | D:10     | Gained mutation: You possess an exceptional clarity of
                  | mind. [potion of mutation]
 10527 | D:10     | Found a glowing golden altar of the Shining One.
 10663 | D:10     | Learned a level 4 spell: Cause Fear
 10666 | D:10     | Learned a level 2 spell: Blink
 10843 | D:10     | Noticed Erica
 10855 | D:10     | Killed Erica
 10856 | D:10     | Reached skill level 5 in Short Blades
 10857 | D:10     | Gained mutation: You are dopey. (Int -2) [hidden defects]
 11054 | D:11     | Noticed a boulder beetle
 11065 | D:11     | Killed a boulder beetle
 11066 | D:11     | Reached skill level 13 in Stealth
 11078 | D:11     | Gained mutation: You are clumsy. (Dex -2) [hidden defects]
 11078 | D:11     | Lost mutation: You have hidden genetic defects. [hidden
                  | defects expressed]
 11255 | D:11     | Reached XP level 11. HP: 46/53 MP: 23/26
 11255 | D:11     | Noticed a boulder beetle
 11290 | D:11     | Killed a boulder beetle
 11427 | D:11     | Noticed Amaemon
 11442 | D:11     | Killed Amaemon
 11445 | D:11     | Reached * piety under Dithmenos
 11554 | D:11     | Noticed Nergalle
 11561 | D:11     | Killed Nergalle
 11698 | D:11     | Noticed a two-headed ogre
 11711 | D:11     | Killed a two-headed ogre
 11827 | D:11     | Found a staircase to the Lair.
 11831 | D:11     | Lost mutation: You are dopey. (Int -2) [potion of mutation]
 11831 | D:11     | Lost mutation: You possess an exceptional clarity of mind.
                  | [potion of mutation]
 11831 | D:11     | Gained mutation: You do not regenerate when monsters are
                  | visible. [potion of mutation]
 11831 | D:11     | Lost mutation: You do not regenerate when monsters are
                  | visible. [potion of mutation]
 11831 | D:11     | Gained mutation: You are robust. (+10% HP) [potion of
                  | mutation]
 11999 | D:12     | Noticed a boulder beetle
 12004 | D:12     | Killed a boulder beetle
 12081 | D:12     | Noticed a deep elf pyromancer
 12086 | D:12     | Killed a deep elf pyromancer
 12087 | D:12     | Reached skill level 14 in Stealth
 12359 | D:12     | Noticed a deep elf pyromancer
 12362 | D:12     | Killed a deep elf pyromancer
 12363 | D:12     | Reached skill level 5 in Fighting
 12402 | D:12     | Noticed Gastronok
 12411 | D:12     | Noticed a boulder beetle
 12421 | D:12     | Killed Gastronok
 12431 | D:12     | Killed a boulder beetle
 12730 | D:12     | Noticed an ice dragon
 12737 | D:12     | Killed an ice dragon
 12738 | D:12     | Reached XP level 12. HP: 66/66 MP: 28/28
 13492 | D:13     | Reached skill level 15 in Stealth
 13533 | D:13     | Identified the +5 battleaxe "Ugem" {vamp, rC+ Will++}
 13613 | D:13     | Noticed a five-headed hydra
 13634 | D:13     | Killed a five-headed hydra
 13822 | D:13     | Found a runed translucent gate.
 13822 | D:13     | Found a runed translucent gate.
 13822 | D:13     | Found a runed translucent gate.
 13822 | D:13     | Noticed an 11-headed hydra
 13833 | D:13     | Noticed Zarkath's ghost (journeyman DrFE)
 13834 | D:13     | Noticed a nine-headed hydra
 13856 | D:13     | Reached ** piety under Dithmenos
 13857 | D:13     | Reached skill level 10 in Dodging
 13884 | D:13     | Killed an 11-headed hydra
 13895 | D:13     | Killed Zarkath's ghost
 13897 | D:13     | Identified the +5 broad axe of Lunubonu {freeze, *Noise rF+
                  | rN+}
 13900 | D:13     | Killed a nine-headed hydra
 14027 | D:13     | Noticed a tengu warrior
 14035 | D:13     | Killed a tengu warrior
 14058 | D:13     | Noticed Nessos
 14065 | D:13     | Killed Nessos
 14066 | D:13     | Reached XP level 13. HP: 71/71 MP: 30/30
 14292 | D:13     | Identified the +5 quarterstaff of Imminent Death {venom,
                  | MP+9 Int-4 SInv Stlth+}
 14350 | D:13     | Noticed Rupert
 14357 | D:13     | Killed Rupert
 14663 | D:14     | Found a portal to a secret trove of treasure.
 14682 | D:14     | Reached skill level 16 in Stealth
 16005 | D:14     | Reached *** piety under Dithmenos
 16112 | D:14     | Found a gate to the Vaults.
 16476 | Lair:1   | Entered Level 1 of the Lair of Beasts
 16833 | Lair:1   | Reached skill level 10 in Short Blades
 16833 | Lair:1   | Reached skill level 17 in Stealth
 17105 | Lair:1   | Reached XP level 14. HP: 79/79 MP: 32/32
 17224 | Lair:1   | Reached **** piety under Dithmenos
 17371 | Lair:2   | Found a staircase to the Swamp.
 17374 | Lair:2   | Found a transporter.
 18050 | Lair:2   | Found a transporter.
 18169 | Lair:2   | Found a hole to the Spider Nest.
 18794 | Lair:3   | Acquired 488 gold pieces
 18833 | Lair:3   | Learned a level 3 spell: Stone Arrow
 19015 | Lair:3   | Identified the +4 ring mail of Squeaky Joy {*Corrode Str+2
                  | Int+4 SInv}
 19427 | Lair:4   | Reached ***** piety under Dithmenos
 19556 | Lair:4   | Found a runed translucent gate.
 19556 | Lair:4   | Found a runed translucent gate.
 19556 | Lair:4   | Found a runed translucent gate.
 19557 | Lair:4   | Noticed lurch's ghost (journeyman HORe)
 20182 | Lair:5   | Entered Level 5 of the Lair of Beasts
 20267 | Lair:5   | Identified the +5 glaive of Depnulocw {vorpal, rElec rCorr}
 20458 | Lair:5   | Reached skill level 18 in Stealth
 21202 | Lair:4   | Reached XP level 15. HP: 85/85 MP: 13/34
 21202 | Lair:4   | Reached XP level 16. HP: 90/90 MP: 13/35
 21544 | Lair:5   | Found a staircase to the Slime Pits.
 21933 | Lair:5   | Found a runed translucent door.
 22020 | Lair:5   | Reached ****** piety under Dithmenos
 22033 | Lair:5   | Paralysed by a hornet for 3 turns
 22245 | Lair:5   | Reached skill level 15 in Spellcasting
 22676 | Orc:1    | Entered Level 1 of the Orcish Mines
 22916 | Orc:2    | Entered Level 2 of the Orcish Mines
 22917 | Orc:2    | Noticed Azrael
 23320 | Orc:1    | Noticed Jorgrun
 23322 | Orc:1    | Killed Jorgrun
 23408 | Orc:1    | Found a runed translucent gate.
 23408 | Orc:1    | Found a runed translucent gate.
 23408 | Orc:1    | Found a runed translucent gate.
 23410 | Orc:1    | Noticed Zyisium's ghost (adept GrBe)
 23421 | Orc:1    | Noticed Qaeddaicw's ghost (journeyman FoHu)
 23421 | Orc:1    | Noticed Yfeff's ghost (journeyman GrFE)
 23422 | Orc:1    | Noticed Geqar's ghost (journeyman KoBr)
 23547 | Orc:2    | Noticed Donald
 23561 | Orc:2    | Slain by Donald

Illustrated notes

Levels and vault maps discovered:
D:1:      sevenhm_arrival_forest_fort_large_3, layout_loops_ring, serial_shops,
          nicolae_shop_statue_plus
D:2:      layout_basic
D:3:      layout_loops_ring, lemuel_tele_altar,
          mainiacjoe_overflow_six_doors_small, roderic_roman_lattice,
          minmay_goblin_kobold_house
D:4:      layout_basic, mainiacjoe_overflow_small_starburst,
          lemuel_mausoleum_altar_kikubaaqudgha, fedhas_altar_1, led_xom_imps,
          ebering_ghost_sewer_d
D:5:      layout_gridville, mainiacjoe_overflow_alcove_4,
          minmay_temple_entry_ruins, eino_small_chamber_without_monster,
          minmay_misc_feat_rows, corexii_corridor_pit,
          chequers_serial_rivers_large_b
D:6:      layout_basic, okawaru_gym_becter, yredelemnul_forgotten_temple_becter
D:7:      layout_cave_pods, zin_treasury, chequers_hall_statues_wall_a
D:8:      layout_cave_pools
D:9:      layout_cave_pools, nicolae_dithmenos_through_a_glass_darkly,
          orc_0_dummy, kennysheep_small_spiral, uniq_psyche
D:10:     layout_roguey, lemuel_round_altar, serial_shops, shop,
          nicolae_shop_overgrown_old_shop, nicolae_diamond_shop, shop,
          hangedman_decor_lopped, uniq_erica
D:11:     layout_loops_ring, lair_entry_dummy, uniq_nergalle, uniq_amaemon
D:12:     layout_loops_ring, kb_lookout_dungeons_type, beargit_elvish_explorers,
          uniq_gastronok
D:13:     layout_cave_pods, gammafunk_ghost_hydra_chop, grunt_ministairs_2,
          hex_tiny, uniq_rupert, uniq_nessos
D:14:     layout_basic, grunt_vaults_entry_tiered,
          nicolae_trove_entry_free_sample
Temple:   zaba_magenta_temple
Lair:1:   layout_roguey [special_room_bee]
Lair:2:   gammafunk_cloud_chamber, layout_misc_corridors, swamp_mist,
          spider_nest_entry_funnel_web, serial_bayou_lagoon_b
Lair:3:   layout_gridlike, grunt_megastairs_4, lemuel_fruit_tree
Lair:4:   layout_cave_shapes, ebering_ghost_rock_garden, st_stairs_3
Lair:5:   wormcave, layout_gridlike, hangedman_lair_tendril_chambers,
          slime_entry_1, minmay_hedge_maze
Orc:1:    layout_caves, basic_altar, gammafunk_ghost_cemetery, uniq_jorgrun
Orc:2:    st_orc_mages, layout_caves, uniq_azrael, uniq_donald

Skill      XL: |  1  2  3  4  5  6  7  8  9 10 11 12 13 14 15 16 |
---------------+-------------------------------------------------+-----
Spellcasting   | 3 4 5 6 7 8 9 10 11 12 13 14 15 | 15.1
Hexes          | 4 5 6 7 9 10 11 12 13 14 16 | 16.5
Stealth        | 5 6 8 10 11 13 14 15 17 18 | 18.8
Dodging        | 5 7 8 10 11 13 | 13.8
Fighting       | 2 3 5 6 7 8 |  8.9
Short Blades   | 3 5 7 8 10 11 | 11.7

Action                   |  1- 3 |  4- 6 |  7- 9 | 10-12 | 13-15 | 16-18 || total
-------------------------+-------+-------+-------+-------+-------+-------++-------
Melee: Dagger            |   144 |   135 |   376 |   334 |   685 |   337 ||  2011
       Punch             |     1 |     1 |    10 |    12 |    12 |     3 ||    39
       Unarmed           |       |       |       |     7 |       |       ||     7
 Cast: Ensorcelled Hiber |     6 |    18 |    18 |    44 |   153 |    30 ||   269
       Tukima's Dance    |       |    12 |    51 |    14 |     3 |     2 ||    82
       Confusing Touch   |       |     1 |    13 |     9 |     5 |     2 ||    30
       Dazzling Flash    |       |       |       |       |    30 |    25 ||    55
Invok: Shadow Step       |       |       |       |       |       |     2 ||     2
Evoke: Wand              |       |       |     3 |     8 |     6 |       ||    17
       Phial of floods   |       |       |       |     1 |       |       ||     1
       Tin of tremorston |       |       |       |       |     3 |       ||     3
  Use: Scroll            |     6 |     1 |    10 |    11 |     8 |     4 ||    40
       Potion            |       |       |       |    17 |     8 |     1 ||    26
 Stab: Sleeping          |    18 |    16 |    36 |    48 |    99 |    34 ||   251
       Confused          |       |     1 |    10 |     8 |     5 |     3 ||    27
       Distracted        |       |       |     4 |     2 |     4 |     3 ||    13
       Invisible         |       |       |       |    22 |    27 |    23 ||    72
Armor: Robe              |    10 |     8 |    25 |       |       |       ||    43
       Steam dragon scal |       |       |    10 |    39 |    44 |    33 ||   126
Dodge: Dodged            |    99 |    89 |   305 |   347 |   735 |   409 ||  1984

Table legend: (Time is in decaauts)
 A = Elapsed time spent in this place.
 B = Non-inter-level travel time spent in this place.
 C = Inter-level travel time spent in this place.
 D = Time resting spent in this place.
 E = Time spent auto-exploring this place.
 F = Levels seen in this place.
 G = Mean time per level.
                   A        B        C        D        E       F      G
               +--------+--------+--------+--------+--------+-----+--------+
         Total |  16860 |  15911 |    949 |    607 |  11354 |  22 |  766.4 |
       Dungeon |  11886 |  11202 |    684 |    367 |   8175 |  14 |  849.0 |
        Temple |     47 |     35 |     12 |      0 |     28 |   1 |   47.0 |
          Lair |   4370 |   4151 |    219 |    240 |   2839 |   5 |  874.0 |
  Orcish Mines |    557 |    524 |     33 |      0 |    311 |   2 |  278.5 |
               +--------+--------+--------+--------+--------+-----+--------+

Top non-repeatable levels by time:
  Lair:5: 1577 daAuts
     D:4: 1353 daAuts
    D:14: 1263 daAuts
     D:7: 1142 daAuts
    D:13: 906 daAuts
    D:12: 873 daAuts
     D:3: 870 daAuts
     D:1: 861 daAuts
     D:6: 818 daAuts
     D:5: 737 daAuts
    D:11: 732 daAuts
  Lair:4: 726 daAuts
  Lair:2: 719 daAuts
  Lair:3: 705 daAuts
     D:2: 658 daAuts
